 Dungeon Crawl Stone Soup version 0.31-a0-1529-g7bd419a0e5 (webtiles) character file.

Game seed: 15353467496037137006

77 mopl the Ruffian (level 4, -1/33 HPs)
             Began as a Djinni Shapeshifter on Dec 31, 2023.
             Slain by an iguana (8 damage)
             ... on level 2 of the Dungeon.
             The game lasted 00:01:59 (1979 turns).

mopl the Ruffian (Djinni Shapeshifter)              Turns: 1979, Time: 00:02:00

Health: -1/33      AC:  2    Str: 15    XL:     4   Next: 60%
Gold:   131        EV: 12    Int: 12    God:
                   SH:  0    Dex: 12

rFire   + +          .
                       - Unarmed
rCold   x . .        (no shield)
rNeg    . . .        a - +0 animal skin
rPois   ∞            (helmet currently unavailable)
rElec   .            (cloak currently unavailable)
rCorr   .            (gloves currently unavailable)
SInv    .            (boots unavailable)
Will    .....        (no amulet)
Stlth   +            (no ring)
HPRegen 0.25/turn    (no ring)
MPRegen 0.00/turn

%: infuse magic (-2 HP)
@: beast-form, flying
A: beast (slay +1), flying, sickness immunity, fire resistance 2, cold
vulnerability 1, float, innate caster, HP casting, extra vitality 1
a: Begin Untransformation


You were on level 2 of the Dungeon.
You were a hulking beast.
You visited 1 branch of the dungeon, and saw 2 of its levels.

You collected 131 gold pieces.

Inventory:

Armour
 a - a +0 animal skin (worn)
Talismans
 c - a beast talisman
 d - a flux talisman
Scrolls
 g - a scroll of blinking {unknown}
 h - 5 scrolls of identify {unknown}
 k - 2 scrolls of fog {unknown}
 l - 2 scrolls of vulnerability {unknown}
 n - a scroll of silence {unknown}
 q - a scroll of butterflies {unknown}
Potions
 b - 2 potions of lignification {!q}
 e - a potion of curing {unknown}
 f - a potion of resistance {unknown}
 i - a potion of invisibility {unknown}
 j - a potion of mutation {unknown}
 m - 2 potions of degeneration {unknown}
 o - a potion of enlightenment {unknown}
 p - a potion of heal wounds {unknown}


   Skills:
 + Level 1.8 Fighting
 + Level 2.8 Dodging
 * Level 3.7 Unarmed Combat
 * Level 3.3 Shapeshifting


You knew the following spells:

 Your Spells              Type           Power      Damage    Failure   Level
a - Summon Small Mammal   Summ           0%         N/A       32%         1
Your spell library was empty.

Dungeon Overview and Level Annotations

Branches:
Dungeon (2/15)

Altars:
Makhleb


Innate Abilities, Weirdness & Mutations

You are a hulking beast.
Your limbs bulge with bestial killing power. (Slay +1)
You are flying.
You are immune to sickness and miasma.
You are immune to poison.
Your flesh is very heat resistant. (rF++)
You are vulnerable to cold. (rC-)
You float through the air rather than walking.
You learn spells naturally, not from books.
Your magical power is your life essence.
You have superior vitality. (+4 MHP)


Message History

The rat squeaks loudly.
You hit the ball python.
You kill the ball python!
The iguana bites you!
There is an open door here.
You see here a ball python corpse.
You barely miss the iguana. The iguana bites you!
You are too injured to fight recklessly!
You are too injured to fight recklessly!
You are too injured to fight recklessly!
You are too injured to fight recklessly!
You are too injured to fight recklessly!
You are too injured to fight recklessly!
You are too injured to fight recklessly!
You are too injured to fight recklessly!
You are too injured to fight recklessly!
You are too injured to fight recklessly!
You are too injured to fight recklessly!
You are too injured to fight recklessly!
You are too injured to fight recklessly!
You are too injured to fight recklessly!
You are too injured to fight recklessly!
You are too injured to fight recklessly!
You hit the iguana but do no damage. The iguana bites you.
You closely miss the iguana. The iguana closely misses you.
You hit the iguana but do no damage. The iguana closely misses you.
You hit the iguana.
The iguana is moderately wounded.
The iguana bites you.
* * * LOW HITPOINT WARNING * * *
You hit the iguana.
The iguana is severely wounded.
The iguana barely misses you.
You hit the iguana but do no damage.
The iguana is severely wounded.
The iguana completely misses you.
You hit the iguana but do no damage.
The iguana is severely wounded.
The iguana bites you!
You die...

.##.###.#..###..##.#.##..#.......
.....................##.#.#......
##..#####.########.###..#..#....#
##..# ##+# #...#..#....#..#.
##..# #...# #......#.....##:.
....# .....# #...#..#.....##..
##.## ......# ###.##.#....#..#.
.#.## .......####...#..#..#....#
.>..+ .......rlh.......#.#......
.#.## .......####...##..#.......
...# ......# ##.###...##....#
#### .....# ### #.....####. #...#
#(......... ##+# #)####..... #.#
##.... ####.## ####. #..†..# #.


You could see an iguana and a rat.

Vanquished Creatures
  2 adders (D:2)
  A ribbon worm (D:2)
  7 ball pythons
  6 bats
  2 endoplasms (D:1)
  3 giant cockroaches
  7 goblins
  8 hobgoblins
  2 jackals (D:2)
  4 quokkas (D:1)
  2 frilled lizards
  2 kobolds
  7 rats
53 creatures vanquished.

Vanquished Creatures (others)
  A bat (D:1)
  A frilled lizard (D:1)
2 creatures vanquished.

Grand Total: 55 creatures vanquished

Notes
Turn   | Place    | Note
-------+----------+-------------------------------------------
     0 | D:1      | mopl the Djinni Shapeshifter began the quest for the Orb.
     0 | D:1      | Reached XP level 1. HP: 17/17 MP: 0/0
   144 | D:1      | Reached XP level 2. HP: 16/22 MP: 0/0
   552 | D:1      | Reached skill level 3 in Shapeshifting
   552 | D:1      | Reached XP level 3. HP: 27/27 MP: 0/0
   552 | D:1      | Learned a level 1 spell: Summon Small Mammal
  1271 | D:2      | Reached XP level 4. HP: 22/32 MP: 0/0
  1761 | D:2      | Found a burning altar of Makhleb.
  1979 | D:2      | Slain by an iguana

Illustrated notes

Levels and vault maps discovered:
D:1:      amcnicky_arrival_single_pillar, layout_basic, lemuel_flame_loot_1
D:2:      layout_loops_corners, basic_altar, minmay_circled_x

Skill      XL: |  1  2 |
---------------+-------+-----
Shapeshifting  | 3 |  3.3
Fighting       | |  1.8
Dodging        | |  2.8
Unarmed Combat | |  3.7

Action                     |  1- 3 |  4- 6 || total
---------------------------+-------+-------++-------
  Melee: Unarmed           |    99 |    65 ||   164
         Punch             |     3 |     3 ||     6
   Stab: Sleeping          |     2 |     1 ||     3
 Armour: Animal skin       |    60 |    33 ||    93
  Dodge: Dodged            |    59 |    36 ||    95

Table legend: (Time is in decaauts)
 A = Elapsed time spent in this place.
 B = Non-inter-level travel time spent in this place.
 C = Inter-level travel time spent in this place.
 D = Time resting spent in this place.
 E = Time spent auto-exploring this place.
 F = Levels seen in this place.
 G = Mean time per level.
                   A        B        C        D        E       F      G
               +--------+--------+--------+--------+--------+-----+--------+
         Total |   1968 |   1954 |     14 |    212 |   1379 |   2 |  984.0 |
       Dungeon |   1968 |   1954 |     14 |    212 |   1379 |   2 |  984.0 |
               +--------+--------+--------+--------+--------+-----+--------+

Top non-repeatable levels by time:
     D:1: 1107 daAuts
     D:2: 861 daAuts
